 Dungeon Crawl Stone Soup version 0.23-a0-584-g44dd78f (webtiles) character file.

55 zishaf the Insei (level 3, 0/27 HPs)
             Began as a Demonspawn Transmuter on Dec 18, 2018.
             Shot with an arrow by a centaur (8 damage)
             ... on level 2 of the Dungeon.
             The game lasted 00:04:49 (2197 turns).

zishaf the Insei (Demonspawn Transmuter)            Turns: 2197, Time: 00:04:50

Health: 0/27       AC:  3    Str: 11    XL:     3   Next: 67%
Magic:  2/6        EV: 12    Int: 14    God:
Gold:   92         SH:  0    Dex: 13    Spells: 3/6 levels left

rFire    . . .     SeeInvis .     - Unarmed
rCold    . . .     Gourm    .   (no shield)
rNeg     . . .     Faith    .   b - +0 robe
rPois    .         Spirit   .   (no helmet)
rElec    .         Reflect  .   (no cloak)
rCorr    .         Harm     .   (no gloves)
MR       .....                  (no boots)
Stlth    +.........             f - amulet of rage (curse)
HPRegen  0.09/turn              (no ring)
MPRegen  0.10/turn              (no ring)

@: no status effects
A: rugged brown scales 1
a: Evoke Berserk Rage


You were on level 2 of the Dungeon.
You were not hungry.

You visited 1 branch of the dungeon, and saw 2 of its levels.

You collected 92 gold pieces.

Inventory:

Missiles
 a - 42 arrows
Armour
 b - a +0 robe (worn)
 k - a +0 ring mail
Jewellery
 f - a cursed amulet of rage (around neck)
Scrolls
 e - 2 scrolls of remove curse {unknown}
 h - a scroll of fog {unknown}
 j - 2 scrolls of identify {unknown}
Potions
 c - a potion of invisibility {unknown}
 g - a potion of heal wounds {unknown}
 i - a potion of mutation {unknown}
Comestibles
 d - 5 rations
 l - a chunk of flesh


   Skills:
 + Level 1.7 Fighting
 + Level 2.2 Dodging
 + Level 3.0 Unarmed Combat
 + Level 2.3 Spellcasting
 * Level 2.4 Transmutations


You had 3 spell levels left.
You knew the following spells:

 Your Spells              Type           Power        Failure   Level  Hunger
a - Beastly Appendage     Tmut           #.....       9%          1    #......
b - Sticks to Snakes      Tmut           #.......     13%         2    ###....

Your spell library contained the following spells:

 Spells                   Type           Power        Failure   Level  Hunger
 Spider Form              Tmut/Pois      #.........   38%         3    ###....
 Ice Form                 Ice/Tmut       #.......     80%         4    #####..
 Blade Hands              Tmut           #.........   93%         5    ######.


Dungeon Overview and Level Annotations

Branches:
Dungeon (2/15)

Altars:


Innate Abilities, Weirdness & Mutations

You are partially covered in rugged brown scales. (AC +1, +3% HP)


Message History

The centaur wields a +0 shortbow.
The centaur shoots an arrow.
The arrow hits you!
You see here an arrow.
Casting: Beastly Appendage (safe; 9% risk of failure)
Confirm with . or Enter, or press ? or * to list all spells.
You create a snake!
You now have 43 arrows.
The centaur shoots an arrow.
The arrow hits you.
The centaur shoots an arrow.
The arrow hits you!
* * * LOW HITPOINT WARNING * * *
You hear an angry hiss.
You see here an arrow.
You swap places.
Casting: Sticks to Snakes (safe; 13% risk of failure)
Confirm with . or Enter, or press ? or * to list all spells.
You create a snake!
You now have 42 arrows.
You swap places.
The centaur shoots an arrow.
The arrow hits your ball python!
Your ball python dies!
The centaur shoots an arrow.
The arrow closely misses your adder. The arrow hits you!
You die...

#.# #.. #.# #.#
#.# #.# #.# #.#
#.# #.# #.# #.#
#.# #.#
#.########.###.###
#.##..>.....@.S(.#
#.##.###.#.#####c#
#.##.# #.#.# #.#
#.##.# #.#.# #.#
### #.##.# #.#.#
#c. #.###.##.#
#.#.. ..#
.#..รท.)#.# #.###
#.# ###......# #.#
#.# .#.###.### #.#


You could see a centaur and a friendly adder.

Vanquished Creatures
  An ooze (D:1)
  A worm (D:2)
  A dart slug (D:1)
  A ball python (D:2)
  3 bats (D:1)
  3 giant cockroaches
  3 goblins
  9 hobgoblins
  5 jackals (D:1)
  6 kobolds
  2 frilled lizards (D:1)
  4 rats (D:1)
39 creatures vanquished.

Vanquished Creatures (collateral kills)
  A worm (D:2)
  A jackal (D:1)
2 creatures vanquished.

Grand Total: 41 creatures vanquished

Notes
Turn   | Place    | Note
-------+----------+-------------------------------------------
     0 | D:1      | zishaf the Demonspawn Transmuter began the quest for the
                  | Orb.
     0 | D:1      | Reached XP level 1. HP: 15/15 MP: 3/3
   422 | D:1      | Gained mutation: You are partially covered in rugged brown
                  | scales. (AC +1, +3% HP) [demonic ancestry]
   422 | D:1      | Reached XP level 2. HP: 13/21 MP: 3/5
   694 | D:1      | Learned a level 2 spell: Sticks to Snakes
  1037 | D:1      | Reached XP level 3. HP: 13/26 MP: 4/6
  1436 | D:1      | Reached skill level 3 in Unarmed Combat
  2191 | D:2      | Noticed a centaur
  2197 | D:2      | Shot with an arrow by a centaur

Vault maps used:
D:1:      saegor_arrival_simple_e, minmay_misc_feat_diagonals, minmay_quantized
D:2:      lemuel_altar_in_water, uniq_natasha

Skill      XL: |  1  2  3 |
---------------+----------+-----
Dodging        | 2 |  2.2
Transmutations | 2 |  2.4
Unarmed Combat | 3 |  3.0
Fighting       | |  1.7
Spellcasting   | |  2.3

Action                   || total
-------------------------++-------
Melee: Unarmed           ||   133
       Headbutt          ||    11
       Punch             ||     1
       Kick              ||     8
 Cast: Beastly Appendage ||    18
       Sticks to Snakes  ||     9
  Eat: Chunk             ||     5
Armor: Robe              ||    33
Dodge: Dodged            ||    74

Table legend:
 A = Non-vault XP
 B = Vault XP
 C = Vault XP percentage of total XP
 D = Non-vault monster count
 E = Vault monster count
 F = Vault count percentage of total count
                 A         B        C        D         E       F
            +---------+---------+-------+---------+---------+-------
      Total |      75 |       4 |   5.1 |      38 |       3 |   7.3
            +---------+---------+-------+---------+---------+-------
        D:1 |      51 |       4 |   7.3 |      28 |       3 |   9.7
        D:2 |      24 |       0 |   0.0 |      10 |       0 |   0.0
            +---------+---------+-------+---------+---------+-------
